 Dungeon Crawl Stone Soup version 0.23-a0-619-g281719c (console) character file.

26 Duffy the Skirmisher (level 3, -2/34 HPs)
             Began as a Naga Fighter on Dec 22, 2018.
             Slain by an orc (4 damage)
             ... on level 4 of the Dungeon.
             The game lasted 00:00:54 (650 turns).

Duffy the Skirmisher (Naga Fighter)                  Turns: 650, Time: 00:00:55

Health: -2/34      AC:  5    Str: 18    XL:     3   Next: 8%
Magic:  3/3        EV:  3    Int:  9    God:
Gold:   9          SH:  8    Dex: 10    Spells: 2/2 levels left

rFire    . . .     SeeInvis +   a - +0 war axe
rCold    . . .     Gourm    .   c - +0 shield
rNeg     . . .     Faith    .   e - +0 chain mail
rPois    +         Spirit   .   (no helmet)
rElec    .         Reflect  .   (no cloak)
rCorr    .         Harm     .   (no gloves)
MR       .....                  (no barding)
Stlth    ..........             (no amulet)
HPRegen  0.11/turn              (no ring)
MPRegen  0.08/turn              (no ring)

@: very slow
A: large, see invisible, deformed body, poison resistance, slowness 2, slow
metabolism 1, spit poison 1, AC +1
a: Spit Poison


You were on level 4 of the Dungeon.
You were not hungry.

You visited 1 branch of the dungeon, and saw 4 of its levels.

You collected 9 gold pieces.

Inventory:

Hand Weapons
 a - a +0 war axe (weapon)
Armour
 b - a +0 scale mail
 c - a +0 shield (worn)
 e - a +0 chain mail (worn)
Potions
 d - a potion of might
Comestibles
 f - 4 rations


   Skills:
 - Level 3.0 Fighting
 + Level 2.8 Axes
 - Level 2.4 Armour
 + Level 3.0 Shields


You had 2 spell levels left.
You didn't know any spells.
Your spell library was empty.

Dungeon Overview and Level Annotations

Branches:
Dungeon (4/15)
 Temple: D:4-7

Altars:

Shops:
D:4 [*


Innate Abilities, Weirdness & Mutations

You cannot wear boots.
Your serpentine skin is tough. (AC +1)
You have supernaturally acute eyesight. (SInv)
Armour fits poorly on your strangely shaped body.
Your system is resistant to poisons. (rPois)
You cover ground very slowly.
You have a slow metabolism.
You can spit poison.


Message History

The orc hits you. The orc hits you but does no damage.
Press: ? - help, Shift-Dir - straight line, f/p - orc
Aim: an orc, wearing a +0 chain mail (moderately wounded)
The splash of poison hits the orc.
The orc appears unharmed.
The orc is moderately wounded.
You feel slightly more hungry. You block the orc's attack.
You barely miss the orc.
The orc is moderately wounded.
The orc hits you.
You barely miss the orc.
The orc is moderately wounded.
You have got your breath back.
You block the orc's attack.
You barely miss the orc.
The orc is moderately wounded.
You block the orc's attack. x2
Press: ? - help, Shift-Dir - straight line, f/p - orc
Aim: an orc, wearing a +0 chain mail (moderately wounded)
You fail to use your ability.
The orc hits you.
You die...

#~$~~~~
#~.~~~
#~.0~# ~
#~0~~##~0
#~00~~~~~
#~.0~~~~0
#0.......
##@~~~~~~0 #
#o########
####.#..#
#.8.\.8o#
#.##.##o##
#...8..o.#
###..#.#.#
#.#o........
# #..#..###.


You could see an orc.

Vanquished Creatures
  2 worms (D:2)
  A leopard gecko (D:3)
  4 orcs (D:4)
  A giant cockroach (D:1)
  3 goblins (D:1)
  2 kobolds (D:1)
  A bat (D:3)
  A rat (D:1)
15 creatures vanquished.

Notes
Turn   | Place    | Note
-------+----------+-------------------------------------------
     0 | D:1      | Duffy the Naga Fighter began the quest for the Orb.
     0 | D:1      | Reached XP level 1. HP: 21/21 MP: 1/1
   356 | D:1      | Reached XP level 2. HP: 27/28 MP: 2/2
   611 | D:4      | Found Nishraxeq's Antique Armour Emporium.
   611 | D:4      | Found Zin's Purification Station.
   623 | D:4      | Reached XP level 3. HP: 22/34 MP: 3/3
   650 | D:4      | Slain by an orc

Vault maps used:
D:1:      tarquinn_simple_flora_water_a, minmay_misc_feat_alley
D:2:      first_ration, serial_forest, infiniplex_forest_lined_2,
          infiniplex_forest_lined_2, infiniplex_forest_clump_medium,
          infiniplex_forest_straight_3, infiniplex_forest_straight_3,
          infiniplex_forest_lined_3, uniq_sigmund
D:3:      marbit_many_paths, old_standard_altar, okawaru_altar_gauntlet_db,
          overflow_temple_1_default, lightli_corner_chamber, uniq_robin
D:4:      overflow_temple_1_default, zin_purify, serial_shops,
          nicolae_shop_statue_plus, kennysheep_pointless_box

Skill      XL: |  1  2  3 |
---------------+----------+-----
Shields        | 3 |  3.0
Fighting       | |  3.0
Axes           | |  2.8
Armour         | |  2.4

Action                   || total
-------------------------++-------
Melee: War axe           ||    76
 Abil: Spit Poison       ||     8
Armor: Chain mail        ||    19
       Scale mail        ||     3
Dodge: Dodged            ||     7
Block: Shield            ||    43

Table legend:
 A = Non-vault XP
 B = Vault XP
 C = Vault XP percentage of total XP
 D = Non-vault monster count
 E = Vault monster count
 F = Vault count percentage of total count
                 A         B        C        D         E       F
            +---------+---------+-------+---------+---------+-------
      Total |      38 |       0 |   0.0 |      15 |       0 |   0.0
            +---------+---------+-------+---------+---------+-------
        D:1 |      12 |       0 |   0.0 |       7 |       0 |   0.0
        D:2 |      10 |       0 |   0.0 |       2 |       0 |   0.0
        D:3 |       4 |       0 |   0.0 |       2 |       0 |   0.0
        D:4 |      12 |       0 |   0.0 |       4 |       0 |   0.0
            +---------+---------+-------+---------+---------+-------
